 Dungeon Crawl Stone Soup version 0.21.1-1-g345015f (webtiles) character file.

373459 letownia2 the Gelid (level 22, -10/174 HPs)
             Began as a Gnoll Skald on Feb 27, 2018.
             Was the Champion of Cheibriados.
             Splashed with acid (35 damage)
             ... on level 3 of the Pits of Slime on Feb 28, 2018.
             The game lasted 02:55:56 (16321 turns).

letownia2 the Gelid (Gnoll Skald)                  Turns: 16321, Time: 02:55:56

Health: -10/174    AC: 31    Str: 32    XL:     22   Next: 34%
Magic:  35/45      EV: 26    Int: 43    God:    Cheibriados [******]
Gold:   3437       SH: 20    Dex: 39    Spells: 3/51 levels left

rFire    + + .     SeeInvis .   a - +9 demon trident (elec)
rCold    . . .     Gourm    .   C - +3 shield of the Elephant {*Drain rPois rF+ Int+4}
rNeg     . . .     Faith    +   h - +2 crystal plate armour
rPois    +         Spirit   .   (no helmet)
rElec    .         Reflect  .   v - +2 cloak {MR+}
rCorr    .         Harm     .   s - +2 pair of gloves of Wonder {Dex+5 Slay+3}
MR       ++...     Rnd*Tele +   Y - +1 pair of boots of Rexze Bydem {+Fly}
Stlth    ..........             l - amulet of faith
HPRegen  0.39/turn              H - ring of Vedwe {MP+9 EV+4 Str+3 Dex+5 Stlth-}
MPRegen  0.29/turn              (no ring)

@: about to teleport, corroded, very slow
A: distributed training, fangs 1, blink, clumsy 1, fire resistance 1, low mp 1,
teleportitis 1, strong nose
}: 3/15 runes: barnacled, slimy, silver
a: Blink, Bend Time, Temporal Distortion, Slouch, Step From Time, Renounce
Religion, Evoke Flight


You were on level 3 of the Pits of Slime.
You worshipped Cheibriados.
Cheibriados was exalted by your worship.
You were not hungry.

You visited 6 branches of the dungeon, and saw 36 of its levels.
You also visited: Labyrinth, Trove and Wizlab.

You collected 4253 gold pieces.
You spent 816 gold pieces at shops.

Inventory:

Hand Weapons
 a - a +9 demon trident of electrocution (weapon)
 c - a +4 blowgun
 U - a +2 demon trident of electrocution
Missiles
 y - 15 poisoned javelins (quivered)
 R - 10 throwing nets
 S - 10 curare-tipped needles
Armour
 e - a +6 plate armour of magic resistance
 h - a +2 crystal plate armour (worn)
 p - the +0 pair of gloves of Negligence {rF+ Str+5 Int+4}
   (You bought it in a shop on level 10 of the Dungeon)

   It affects your strength (+5).
   It affects your intelligence (+4).
   It protects you from fire.
 s - the +2 pair of gloves of Wonder (worn) {Dex+5 Slay+3}
   (You found it on level 5 of the Vaults)

   It affects your dexterity (+5).
   It affects your accuracy and damage with ranged weapons and melee attacks
   (+3).
 v - a +2 cloak of magic resistance (worn)
 B - a scarf of cloud immunity
 C - the +3 shield of the Elephant (worn) {*Drain rPois rF+ Int+4}
   (You found it in a treasure trove)

   It affects your intelligence (+4).
   It protects you from fire.
   It protects you from poison.
   It causes draining when unequipped.
 X - the +0 pair of gloves "Xuchil" {rElec rC+ Int+2}
   (You found it in a treasure trove)

   It affects your intelligence (+2).
   It protects you from cold.
   It insulates you from electricity.
 Y - the +1 pair of boots of Rexze Bydem (worn) {+Fly}
   (You found it in a treasure trove)

   It lets you fly.
Magical Staves
 N - an uncursed staff of wizardry
Jewellery
 l - an amulet of faith (around neck)
 o - the ring of Jiodufil {rCorr rC+}
   (You took it off a vault warden on level 5 of the Vaults)

   [ring of resist corrosion]

   It protects you from cold.
 H - the ring of Vedwe (left hand) {MP+9 EV+4 Str+3 Dex+5 Stlth-}
   (You acquired it on level 3 of the Lair of Beasts)

   [ring of evasion]

   It affects your evasion (+4).
   It affects your strength (+3).
   It affects your dexterity (+5).
   It affects your magic capacity (+9).
   It makes you less stealthy.
 L - an uncursed ring of protection from magic
 O - an uncursed ring of see invisible
 V - the ring of Kumarist {rElec Stlth+}
   (You found it on level 5 of the Pits of Slime)

   [ring of stealth]

   It insulates you from electricity.
   It makes you more stealthy.
Wands
 q - a wand of acid (11)
 W - a wand of paralysis (8)
Scrolls
 b - 2 scrolls of identify
 d - a scroll of blinking
 f - 6 scrolls of teleportation
 i - 8 scrolls of remove curse
 D - 5 scrolls of magic mapping
 P - a scroll of amnesia
 T - 5 scrolls of summoning
 Z - 4 scrolls of fog
Potions
 g - 2 potions of invisibility
 j - 9 potions of curing
 u - 2 potions of resistance
 x - 19 potions of mutation
 z - 6 potions of lignification
 A - 4 potions of cancellation
 E - 4 potions of agility
 I - a potion of might
 J - a potion of brilliance
 Q - a potion of heal wounds
Books
 w - a book of Ice

   Spells                             Type                      Level
   a - Ice Form                       Ice/Transmutation            4
   b - Metabolic Englaciation         Hexes/Ice                    5
   c - Ozocubu's Refrigeration        Ice                          6
   d - Bolt of Cold                   Conjuration/Ice              6
   e - Freezing Cloud                 Conjuration/Ice/Air          6
   f - Simulacrum                     Ice/Necromancy               6
 G - a book of Fire

   Spells                             Type                      Level
   a - Ignite Poison                  Fire/Transmutation/Poison    3
   b - Fireball                       Conjuration/Fire             5
   c - Bolt of Fire                   Conjuration/Fire             6
   d - Ring of Flames                 Charms/Fire                  7
   e - Ignition                       Fire                         8
 M - a book of Necromancy

   Spells                             Type                      Level
   a - Pain                           Necromancy                   1
   b - Animate Skeleton               Necromancy                   1
   c - Vampiric Draining              Necromancy                   3
   d - Regeneration                   Charms/Necromancy            3
   e - Animate Dead                   Necromancy                   4
   f - Borgnjor's Vile Clutch         Necromancy/Earth             5
Miscellaneous
 k - a phial of floods
 m - a lightning rod (4/4)
 n - 2 phantom mirrors
 t - a box of beasts
 K - a fan of gales
Comestibles
 r - 23 rations


   Skills:
 + Level 14.9 Fighting
 + Level 14.3 Short Blades
 + Level 14.3 Long Blades
 + Level 14.3 Axes
 + Level 14.3 Maces & Flails
 + Level 14.9 Polearms
 + Level 14.3 Staves
 + Level 14.3 Slings
 + Level 14.3 Bows
 + Level 14.4 Crossbows
 + Level 14.3 Throwing
 + Level 14.5 Armour
 + Level 14.9 Dodging
 + Level 14.3 Stealth
 + Level 14.3 Shields
 + Level 14.3 Unarmed Combat
 + Level 15.0 Spellcasting
 + Level 12.3 Conjurations
 + Level 12.3 Hexes
 + Level 13.3 Charms
 + Level 12.3 Summonings
 + Level 12.3 Necromancy
 + Level 12.3 Translocations
 + Level 12.3 Transmutations
 + Level 12.3 Fire Magic
 + Level 16.0 Ice Magic
 + Level 12.3 Air Magic
 + Level 12.3 Earth Magic
 + Level 12.3 Poison Magic
 + Level 15.4 Invocations
 + Level 14.3 Evocations


You had 3 spell levels left.
You knew the following spells:

 Your Spells              Type           Power        Failure   Level  Hunger
b - Blink                 Tloc           N/A          1%          2    None
c - Conjure Flame         Conj/Fire      #######.     1%          3    None
d - Throw Icicle          Conj/Ice       ########     1%          4    None
e - Mephitic Cloud        Conj/Pois/Air  #######.     1%          3    None
f - Freezing Cloud        Conj/Ice/Air   #######...   8%          6    None
g - Regeneration          Chrm/Necr      #######...   1%          3    None
i - Summon Ice Beast      Ice/Summ       ########     1%          4    None
k - Animate Skeleton      Necr           N/A          1%          1    None
l - Song of Slaying       Chrm           #######.     1%          2    None
m - Summon Forest         Summ/Tloc      #######...   2%          5    None
n - Alistair's Intoxicat  Tmut/Pois      #######.     2%          5    None
u - Statue Form           Tmut/Erth      #######..    13%         6    None
x - Spectral Weapon       Hex/Chrm       #######.     1%          3    None
z - Summon Butterflies    Summ           #######.     1%          1    None


Dungeon Overview and Level Annotations

Branches:
Dungeon (14/15)              Lair (6/6) D:11         Shoals (4/4) Lair:2
  Snake (0/4) Lair:4        Slime (5/5) Lair:6          Orc (2/2) D:10
 Vaults (5/5) D:14
 Temple: D:4-7          Elf: Orc:2        Crypt: Vaults:2-3

Altars:
Cheibriados
Dithmenos
Hepliaklqana
Makhleb
Trog
Xom
Beogh

Shops:
D:9 :   D:10 [   D:11 =   Vaults:1 :

Portals:
Hell: Lair:6

Annotations:
D:10 derrymb's ghost, journeyman DEWz
Lair:6 letownia2's ghost, journeyman GnSk
Orc:2 Saint Roka
Vaults:5 shugdite's ghost, veteran MiFi


Innate Abilities, Weirdness & Mutations

Your experience applies equally to all skills.
You have very sharp teeth.
Your uncanny sense of smell can sniff out nearby items.
You can translocate small distances at will.
You are clumsy. (Dex -2)
Your flesh is heat resistant. (rF+)
Your magical capacity is low. (-10% MP)
You are occasionally teleported next to monsters.


Message History

You puncture the acid blob!
Your hands burn!
* * * LOW HITPOINT WARNING * * *
The acid blob is heavily wounded.
The great orb of eyes completely misses you.
The acid blob hits you!
* * * LOW HITPOINT WARNING * * *
You are splashed with acid!
The acid burns!
* * * LOW HITPOINT WARNING * * *
The large slime creature is engulfed in freezing vapours.
You block the large slime creature's attack.
An enormous slime creature splits.
The shining eye pulsates ominously.
The slime creature is engulfed in freezing vapours.
You block the slime creature's attack.
Unknown command.
Unknown command.
Casting: Freezing Cloud
Confirm with . or Enter, or press ? or * to list all spells.
You blink.
You are splashed with acid!
The walls burn you!
You die...

### ##.###
####....##
##§.G.....#
#@§§J§.#.##
##.§§JJG.##
#..§G§#.#..#
<......J#.J.....#
...#..JJ##.......
.........#......#
...............##
........#........
#.......J.......


You could see an acid blob, 2 great orbs of eyes, 3 large slime creatures, 3
slime creatures and a shining eye.

Vanquished Creatures
  the Royal Jelly (Slime:5)
  An ancient lich (Vaults:4)
  The ghost of Vorshek the Warrior, a legendary GnWr of Okawaru (Slime:5)
  Frederick (Vaults:4)
  3 golden dragons
  A mutant beast (WizLab)
  5 liches
  3 tentacled monstrosities
  A quicksilver dragon (Vaults:4)
  23 acid blobs
  5 titans
  7 sphinxes
  Kirke (Shoals:1)
  5 storm dragons
  4 shadow dragons
  4 azure jellies
  Ilsuiw (Shoals:4)
  3 tengu reavers
  3 frost giants
  5 fire giants
  2 orc warlords (Orc:2)
  13 vault wardens
  2 deep elf sorcerers (Vaults:1)
  15 ironheart preservers
  A deep elf elementalist (Vaults:5)
  A ghoul (Vaults:4)
  12 very ugly things
  A war gargoyle (Vaults:4)
  The ghost of Vorshek the Thaumaturge, a journeyman GnWr of Makhleb (Lair:6)
  An entropy weaver (Vaults:1)
  2 deep elf demonologists (Vaults:5)
  A deep elf annihilator (Vaults:1)
  7 ettins
  2 deep elf death magi
  5 merfolk javelineers (Shoals:4)
  A fire dragon (Vaults:1)
  Snorg (D:10)
  5 merfolk impalers
  6 death oozes (Slime:5)
  11 yaktaur captains
  7 ogre magi
  A minotaur (Lab)
  6 hydras
  9 great orbs of eyes
  Harold (D:11)
  24 vault guards (Vaults:5)
  2 merfolk avatars
  5 ice dragons
  An alligator snapping turtle (Shoals:4)
  A hydra (shapeshifter) (WizLab)
  A catoblepas (Lair:3)
  A satyr (shapeshifter) (WizLab)
  3 death knights
  4 centaur warriors
  2 merfolk aquamancers
  8 satyrs
  24 two-headed ogres
  4 death yaks (Lair:4)
  An orc high priest (Orc:2)
  5 deep troll shamans
  Nergalle (Orc:2)
  Urug (Orc:2)
  8 deep elf knights
  2 deep troll earth magi
  An iron golem (WizLab)
  A sixfirhy (Lair:6)
  A fire crab (shapeshifter) (WizLab)
  18 deep trolls
  13 skeletal warriors
  14 sea snakes
  An unseen horror (Vaults:1)
  5 deep elf archers
  4 glowing orange brains
  4 flayed ghosts
  A lindwurm (Lair:6)
  4 wizards
  2 necromancers
  7 harpies
  4 wolf spiders
  7 ironbrand convokers
  A harpy (shapeshifter) (Vaults:3)
  2 orb spiders (shapeshifter)
  12 orc knights
  16 ugly things
  A phantasmal warrior (Vaults:4)
  11 deep elf magi
  17 fauns
  3 shining eyes
  5 elephants
  A mana viper (shapeshifter) (WizLab)
  10 manticores
  A black mamba (shapeshifter) (D:13)
  6 cyclopes
  A salamander (shapeshifter) (Vaults:1)
  4 water nymphs
  Joseph (Lair:1)
  A stone giant skeleton (Vaults:1)
  13 vault sentinels
  4 black mambas
  2 fire giant skeletons
  2 human skeletons (Vaults:4)
  3 eyes of devastation
  9 merfolk sirens
  A gargoyle (D:14)
  12 spiny frogs
  An orange demon (Lair:6)
  A kobold demonologist (D:13)
  5 komodo dragons
  3 rime drakes
  28 yaktaurs
  A guardian mummy (Vaults:4)
  7 freezing wraiths
  3 yaktaurs (shapeshifter) (WizLab)
  A hellwing (Lair:6)
  2 ice devils (Lair:6)
  2 komodo dragons (shapeshifter)
  2 red devils (Lair:6)
  7 large abominations (WizLab)
  A jumping spider (Vaults:1)
  9 trolls
  19 merfolk
  4 hornets
  Grinder (D:4)
  2 trolls (shapeshifter)
  8 wind drakes
  A hornet (shapeshifter) (WizLab)
  7 dream sheep
  A polar bear (Lair:4)
  A polar bear (shapeshifter) (Vaults:4)
  47 slime creatures
  5 blink frogs (Lair:6)
  2 human simulacra (Vaults:1)
  A raiju (shapeshifter) (Vaults:2)
  2 sphinx simulacra
  A blink frog (shapeshifter) (WizLab)
  9 snapping turtles
  9 hippogriffs
  A shadow (D:14)
  2 redbacks (Vaults:1)
  2 spriggans (shapeshifter)
  31 yaks
  3 tarantellas (shapeshifter) (WizLab)
  2 vampires
  7 water elementals
  A tarantella (Vaults:1)
  A human (shapeshifter) (WizLab)
  A yak (shapeshifter) (WizLab)
  A wraith (Vaults:1)
  A basilisk (shapeshifter) (WizLab)
  2 golden eyes (Slime:2)
  3 hogs (shapeshifter)
  2 wyverns
  2 hungry ghosts
  3 basilisks
  4 hogs (Shoals:1)
  A steam dragon (D:9)
  4 vampire mosquitoes (D:13)
  An acid dragon (Vaults:1)
  4 nagas (Lair:4)
  6 wargs
  5 hell hounds (Lair:6)
  2 soldier ants (shapeshifter)
  8 water moccasins
  4 floating eyes (WizLab)
  9 porcupines
  32 orc warriors
  A hornet zombie (D:8)
  A black bear (shapeshifter) (WizLab)
  A sky beast (D:11)
  4 ice beasts
  2 black bears (D:12)
  6 eyes of draining
  4 eyes of draining (shapeshifter)
  2 necrophages (D:7)
  23 ogres
  2 phantoms
  9 wolves
  A tengu (shapeshifter) (Vaults:5)
  13 centaurs
  9 crocodiles
  5 small abominations (WizLab)
  2 human zombies (Vaults:1)
  2 big kobolds
  9 bullfrogs
  A scorpion (D:10)
  5 killer bees (D:13)
  9 wights
  4 howler monkeys
  5 crimson imps
  3 centaur zombies
  3 quasits
  3 bullfrog skeletons
  2 bullfrog zombies
  5 hounds
  A jelly (D:10)
  17 orc wizards
  14 orc priests
  5 iguanas
  8 worker ants
  A hound zombie (D:8)
  2 hound skeletons
  Robin (D:3)
  A howler monkey zombie (D:5)
  10 gnolls
  6 adders
  A shadow imp (D:14)
  An adder skeleton (D:4)
  An adder zombie (D:7)
  2 worms
  A dart slug (D:3)
  A leopard gecko (D:4)
  58 orcs
  A bat zombie (D:8)
  3 giant cockroaches
  15 goblins
  6 hobgoblins
  5 jackals
  3 bats
  10 kobolds
  2 rats
  A fungus (Lair:6)
  8 plants
  5 spectral weapons
1180 creatures vanquished.

Vanquished Creatures (collateral kills)
  The ghost of Serooblart the Slayer, an adept MiBe of Trog (Shoals:4)
  A merfolk impaler (Shoals:4)
  A two-headed ogre (Vaults:2)
  A shining eye (Slime:1)
  2 merfolk sirens (Shoals:4)
  A yaktaur (Vaults:2)
  4 slime creatures
  An ogre (Vaults:2)
  A small abomination (WizLab)
  A spectral weapon (Vaults:4)
14 creatures vanquished.

Vanquished Creatures (others)
  A shadow wraith (Vaults:4)
  2 yaktaurs (Vaults:5)
  A human (Shoals:1)
  An orc (Vaults:4)
  7 fungi
  25 plants
  4 snaplasher vines
  23 spectral weapons
64 creatures vanquished.

Grand Total: 1258 creatures vanquished

Notes
Turn   | Place    | Note
-------+----------+-------------------------------------------
     0 | D:1      | letownia2 the Gnoll Skald began the quest for the Orb.
     0 | D:1      | Reached XP level 1. HP: 20/20 MP: 6/6
   132 | D:2      | Found a snail-covered altar of Cheibriados.
   139 | D:2      | Became a worshipper of Cheibriados the Contemplative
   188 | D:2      | Noticed a hound
   192 | D:2      | Killed a hound
   192 | D:2      | Reached skill level 5 in Spellcasting
   192 | D:2      | Reached XP level 2. HP: 21/26 MP: 1/8
   192 | D:2      | Reached XP level 3. HP: 25/31 MP: 1/9
   199 | D:2      | Learned a level 2 spell: Song of Slaying
   203 | D:2      | Learned a level 3 spell: Spectral Weapon
   206 | D:2      | Learned a level 2 spell: Shroud of Golubria
   210 | D:2      | Learned a level 3 spell: Regeneration
   255 | D:2      | Reached skill level 1 in Invocations
   346 | D:4      | Reached skill level 1 in Short Blades
   346 | D:4      | Reached skill level 1 in Long Blades
   346 | D:4      | Reached skill level 1 in Axes
   346 | D:4      | Reached skill level 1 in Maces & Flails
   346 | D:4      | Reached skill level 1 in Staves
   346 | D:4      | Reached skill level 1 in Slings
   346 | D:4      | Reached skill level 1 in Bows
   346 | D:4      | Reached skill level 1 in Crossbows
   346 | D:4      | Reached skill level 1 in Throwing
   346 | D:4      | Reached skill level 1 in Stealth
   346 | D:4      | Reached skill level 1 in Shields
   346 | D:4      | Reached skill level 1 in Unarmed Combat
   346 | D:4      | Reached skill level 1 in Evocations
   358 | D:4      | Noticed Grinder
   393 | D:3      | Noticed Robin
   406 | D:3      | Reached XP level 4. HP: 23/38 MP: 1/11
   520 | D:3      | Reached * piety under Cheibriados
   525 | D:3      | Killed Robin
   533 | D:3      | Reached skill level 1 in Conjurations
   533 | D:3      | Reached skill level 1 in Hexes
   533 | D:3      | Reached skill level 1 in Summonings
   533 | D:3      | Reached skill level 1 in Necromancy
   533 | D:3      | Reached skill level 1 in Translocations
   533 | D:3      | Reached skill level 1 in Transmutations
   533 | D:3      | Reached skill level 1 in Fire Magic
   533 | D:3      | Reached skill level 1 in Ice Magic
   533 | D:3      | Reached skill level 1 in Air Magic
   533 | D:3      | Reached skill level 1 in Earth Magic
   533 | D:3      | Reached skill level 1 in Poison Magic
   675 | D:4      | Found a glowing drain.
   723 | D:4      | Killed Grinder
   723 | D:4      | Reached skill level 5 in Fighting
   723 | D:4      | Reached skill level 5 in Polearms
   723 | D:4      | Reached skill level 5 in Dodging
   723 | D:4      | Reached XP level 5. HP: 18/44 MP: 8/12
   723 | D:4      | Reached XP level 6. HP: 20/51 MP: 9/14
   747 | D:4      | Noticed a phantom
   755 | D:4      | Killed a phantom
   813 | D:5      | Entered Level 5 of the Dungeon
   825 | D:5      | Reached XP level 7. HP: 56/56 MP: 15/15
   850 | D:5      | Reached ** piety under Cheibriados
   867 | D:4      | Reached skill level 2 in Ice Magic
   920 | D:5      | You fall through a shaft for 2 floors!
  1021 | D:7      | Found a shadowy altar of Dithmenos.
  1064 | D:7      | Reached XP level 8. HP: 53/63 MP: 10/16
  1136 | D:8      | Noticed a two-headed ogre
  1146 | D:8      | Killed a two-headed ogre
  1161 | D:8      | Reached skill level 3 in Ice Magic
  1161 | D:8      | Reached XP level 9. HP: 44/69 MP: 14/18
  1232 | D:9      | HP: 3/69 [yak (8)]
  1265 | D:9      | Found Nimoll's Book Boutique.
  1276 | D:9      | Reached skill level 5 in Armour
  1278 | D:9      | Noticed a red ugly thing
  1285 | D:9      | Killed a red ugly thing
  1285 | D:9      | Reached *** piety under Cheibriados
  1285 | D:9      | Reached skill level 4 in Ice Magic
  1440 | D:10     | Entered Level 10 of the Dungeon
  1444 | D:10     | Noticed derrymb's ghost (journeyman DEWz)
  1480 | D:8      | Found a hazy altar of Hepliaklqana.
  1481 | D:8      | Found a shimmering altar of Xom.
  1482 | D:8      | Noticed a spectral ugly thing
  1495 | D:8      | Reached skill level 5 in Invocations
  1615 | D:8      | Reached XP level 10. HP: 71/77 MP: 20/20
  1743 | D:8      | Noticed a two-headed ogre
  1751 | D:8      | Killed a two-headed ogre
  1751 | D:8      | Reached skill level 5 in Short Blades
  1751 | D:8      | Reached skill level 5 in Long Blades
  1751 | D:8      | Reached skill level 5 in Axes
  1751 | D:8      | Reached skill level 5 in Maces & Flails
  1751 | D:8      | Reached skill level 5 in Staves
  1751 | D:8      | Reached skill level 5 in Slings
  1751 | D:8      | Reached skill level 5 in Bows
  1751 | D:8      | Reached skill level 5 in Crossbows
  1751 | D:8      | Reached skill level 5 in Throwing
  1751 | D:8      | Reached skill level 5 in Stealth
  1751 | D:8      | Reached skill level 5 in Shields
  1751 | D:8      | Reached skill level 5 in Unarmed Combat
  1751 | D:8      | Reached skill level 5 in Ice Magic
  1751 | D:8      | Reached skill level 5 in Evocations
  1800 | D:8      | Noticed a two-headed ogre
  1813 | D:8      | Killed a two-headed ogre
  1837 | D:8      | Reached **** piety under Cheibriados
  1854 | D:8      | Got a warped great mace
  1855 | D:8      | Identified the +4 great mace "Tioffel" {crush, rElec MR+ Stlth+} (You found it on level 8 of the Dungeon)
  2209 | D:9      | Bought a book of Minor Magic for 300 gold pieces
  2212 | D:9      | Learned a level 2 spell: Blink
  2216 | D:9      | Learned a level 3 spell: Mephitic Cloud
  2220 | D:9      | Learned a level 3 spell: Conjure Flame
  2348 | D:10     | Noticed Snorg
  2351 | D:10     | Reached ***** piety under Cheibriados
  2388 | D:10     | Found a staircase to the Orcish Mines.
  2388 | D:10     | Found Mocasirr's Armour Shop.
  2392 | D:10     | Killed Snorg
  2392 | D:10     | Reached skill level 6 in Ice Magic
  2392 | D:10     | Reached XP level 11. HP: 44/84 MP: 12/22
  2436 | Orc:1    | Entered Level 1 of the Orcish Mines
  2548 | Orc:2    | Entered Level 2 of the Orcish Mines
  2552 | Orc:2    | Noticed a two-headed ogre
  2561 | Orc:2    | Noticed a two-headed ogre
  2568 | Orc:2    | Noticed a two-headed ogre
  2578 | Orc:2    | Noticed an ogre mage
  2581 | Orc:2    | Killed a two-headed ogre
  2581 | Orc:2    | Reached skill level 5 in Conjurations
  2581 | Orc:2    | Reached skill level 5 in Hexes
  2581 | Orc:2    | Reached skill level 5 in Summonings
  2581 | Orc:2    | Reached skill level 5 in Necromancy
  2581 | Orc:2    | Reached skill level 5 in Translocations
  2581 | Orc:2    | Reached skill level 5 in Transmutations
  2581 | Orc:2    | Reached skill level 5 in Fire Magic
  2581 | Orc:2    | Reached skill level 5 in Air Magic
  2581 | Orc:2    | Reached skill level 5 in Earth Magic
  2581 | Orc:2    | Reached skill level 5 in Poison Magic
  2581 | Orc:2    | Killed a two-headed ogre
  2582 | Orc:2    | Killed a two-headed ogre
  2589 | Orc:2    | Killed an ogre mage
  2692 | Orc:2    | Noticed an orc warlord
  2753 | Orc:2    | Reached skill level 7 in Ice Magic
  2891 | Orc:1    | Found a roughly hewn altar of Beogh.
  3024 | D:10     | Bought the cursed +0 pair of gloves of Negligence {rF+ Str+5 Int+4} for 516 gold pieces
  3121 | Orc:2    | Noticed an orc knight
  3141 | Orc:2    | Killed an orc warlord
  3141 | Orc:2    | Reached XP level 12. HP: 72/93 MP: 10/24
  3251 | Orc:1    | Reached ****** piety under Cheibriados
  3355 | Orc:2    | Noticed an orc warlord
  3374 | Orc:2    | Killed an orc warlord
  3415 | Orc:2    | Got a smoking hunting sling
  3540 | Orc:2    | Found the amulet of the Air {Inacc +Fly rElec EV+5 RMsl}
  3607 | Orc:2    | Noticed Urug
  3647 | Orc:2    | Reached skill level 8 in Ice Magic
  3708 | Orc:2    | Noticed Nergalle
  3729 | Orc:2    | Killed Nergalle
  3818 | Orc:2    | Killed Urug
  3824 | Orc:2    | Identified the +8 hunting sling of Ru's the Extremely Mad {venom, Str+8 Int-5} (You took it off an orc warrior on level 2 of the Orcish Mines)
  3853 | Orc:2    | Noticed Saint Roka
  3864 | Orc:2    | Noticed an orc high priest
  3916 | Orc:2    | Killed an orc high priest
  3963 | D:11     | Noticed a two-headed ogre
  3984 | D:11     | Killed a two-headed ogre
  4049 | D:11     | Noticed Harold
  4059 | D:11     | Killed Harold
  4059 | D:11     | Reached XP level 13. HP: 100/101 MP: 26/26
  4129 | D:11     | Found a staircase to the Lair.
  4185 | D:11     | Found Quleupoh's Jewellery Boutique.
  4357 | Lair:1   | Entered Level 1 of the Lair of Beasts
  4421 | Lair:1   | Noticed Joseph
  4429 | Lair:1   | Killed Joseph
  4472 | Lair:2   | Reached skill level 9 in Ice Magic
  4737 | Lair:3   | Identified a scroll of acquirement
  4738 | Lair:3   | Got a shimmering glass ring
  4740 | Lair:3   | Identified the ring of Vedwe {MP+9 EV+4 Str+3 Dex+5 Stlth-} (You acquired it on level 3 of the Lair of Beasts)
  4751 | Lair:3   | Learned a level 4 spell: Throw Icicle
  4756 | Lair:3   | Learned a level 4 spell: Summon Ice Beast
  4812 | Lair:4   | Found a staircase to the Snake Pit.
  5123 | Lair:6   | Entered Level 6 of the Lair of Beasts
  5123 | Lair:6   | Found a staircase to the Slime Pits.
  5139 | Lair:6   | Noticed letownia2's ghost (journeyman GnSk)
  5149 | Lair:6   | Reached skill level 10 in Spellcasting
  5160 | Lair:5   | Reached XP level 14. HP: 76/109 MP: 19/28
  5431 | Lair:6   | Noticed Vorshek's ghost (journeyman GnWr)
  5471 | Lair:6   | Killed Vorshek's ghost
  5471 | Lair:6   | Reached skill level 10 in Fighting
  5471 | Lair:6   | Reached skill level 10 in Polearms
  5471 | Lair:6   | Reached skill level 10 in Dodging
  5471 | Lair:6   | Reached skill level 10 in Ice Magic
  5709 | Lair:6   | Found a burning altar of Makhleb.
  5753 | Lair:6   | Found a gateway to Hell.
  5765 | Lair:6   | Got a brightly glowing scale mail
  5776 | Lair:6   | Identified the +0 scale mail of Ufiu {rN+} (You found it on level 6 of the Lair of Beasts)
  5945 | Lair:4   | Reached skill level 10 in Invocations
  6203 | Lair:2   | Found a staircase to the Shoals.
  6229 | Shoals:1 | Entered Level 1 of the Shoals
  6229 | Shoals:1 | Noticed Kirke
  6239 | Shoals:1 | Killed Kirke
  6303 | Shoals:1 | Learned a level 1 spell: Summon Butterflies
  6309 | Shoals:1 | Learned a level 5 spell: Alistair's Intoxication
  6539 | Shoals:2 | Reached XP level 15. HP: 116/117 MP: 27/29
  6573 | Shoals:2 | Reached skill level 10 in Armour
  6670 | Shoals:2 | Reached skill level 11 in Ice Magic
  6916 | Shoals:3 | Reached skill level 10 in Charms
  7050 | Shoals:3 | Got a bloodstained hand axe
  7054 | Shoals:3 | Identified the +6 hand axe of Zasenuh {antimagic, rElec rN+ Str+3 Int-3} (You found it on level 3 of the Shoals)
  7075 | Shoals:2 | Reached skill level 10 in Short Blades
  7075 | Shoals:2 | Reached skill level 10 in Long Blades
  7075 | Shoals:2 | Reached skill level 10 in Axes
  7075 | Shoals:2 | Reached skill level 10 in Maces & Flails
  7075 | Shoals:2 | Reached skill level 10 in Staves
  7075 | Shoals:2 | Reached skill level 10 in Slings
  7075 | Shoals:2 | Reached skill level 10 in Bows
  7075 | Shoals:2 | Reached skill level 10 in Crossbows
  7075 | Shoals:2 | Reached skill level 10 in Throwing
  7075 | Shoals:2 | Reached skill level 10 in Stealth
  7075 | Shoals:2 | Reached skill level 10 in Shields
  7075 | Shoals:2 | Reached skill level 10 in Unarmed Combat
  7075 | Shoals:2 | Reached skill level 10 in Evocations
  7097 | Shoals:4 | Entered Level 4 of the Shoals
  7204 | Shoals:4 | Found a runed door.
  7349 | Shoals:4 | Got a barnacled rune of Zot
  7392 | Shoals:4 | Reached XP level 16. HP: 125/125 MP: 28/31
  7527 | Shoals:4 | Noticed Serooblart's ghost (adept MiBe)
  7543 | Shoals:4 | Killed Serooblart's ghost
  7604 | Shoals:4 | Noticed Ilsuiw
  7682 | Shoals:4 | Killed Ilsuiw
  7865 | Shoals:4 | Reached skill level 12 in Ice Magic
  8075 | Lair:1   | Learned a level 5 spell: Summon Forest
  8141 | D:12     | Found a labyrinth entrance.
  8155 | Lab      | Entered a labyrinth
  8413 | D:14     | Found a bloodstained altar of Trog.
  8691 | D:14     | Found a gate to the Vaults.
  8702 | D:14     | Got a crystal long sword
  8704 | D:14     | Identified the cursed +0 long sword of Kaseem {freeze, Int-2 Dex+6} (You found it on level 14 of the Dungeon)
  8710 | Vaults:1 | Entered Level 1 of the Vaults
  8763 | Vaults:1 | Reached XP level 17. HP: 119/133 MP: 27/33
  9054 | Vaults:1 | Found Hann's Book Emporium.
  9062 | Vaults:1 | Noticed a tentacled monstrosity
  9072 | Vaults:1 | Killed a tentacled monstrosity
  9190 | Vaults:1 | Reached skill level 13 in Ice Magic
  9497 | Vaults:2 | Reached skill level 10 in Conjurations
  9497 | Vaults:2 | Reached skill level 10 in Hexes
  9497 | Vaults:2 | Reached skill level 10 in Summonings
  9497 | Vaults:2 | Reached skill level 10 in Necromancy
  9497 | Vaults:2 | Reached skill level 10 in Translocations
  9497 | Vaults:2 | Reached skill level 10 in Transmutations
  9497 | Vaults:2 | Reached skill level 10 in Fire Magic
  9497 | Vaults:2 | Reached skill level 10 in Air Magic
  9497 | Vaults:2 | Reached skill level 10 in Earth Magic
  9497 | Vaults:2 | Reached skill level 10 in Poison Magic
  9513 | Vaults:2 | Reached XP level 18. HP: 141/141 MP: 34/34
  9556 | Vaults:2 | Found a magical portal.
  9569 | WizLab   | Entered Cigotuvi's Fleshworks
  9740 | WizLab   | Paralysed by a floating eye for 2 turns
  9747 | WizLab   | Paralysed by a floating eye for 2 turns
  9789 | WizLab   | Paralysed by a floating eye for 4 turns
  9812 | WizLab   | Got a glittering marble ring
  9822 | WizLab   | Identified the ring "Guineigi" {Fire *Drain +Inv rElec Str-5} (You found it in a wizard's laboratory)
  9898 | WizLab   | Identified Cigotuvi's Disquisition on Twisted Transformation
  9900 | WizLab   | Identified the Reference Book on Changing
  9902 | WizLab   | Identified Suvi's Tome of Transmutation
 10143 | WizLab   | Noticed Cigotuvi's Monster
 10149 | WizLab   | Killed Cigotuvi's Monster
 10621 | Vaults:4 | Noticed a lich
 10626 | Vaults:4 | Killed a lich
 10629 | Vaults:4 | Reached skill level 14 in Ice Magic
 10638 | Vaults:4 | Reached XP level 19. HP: 40/149 MP: 15/36
 10912 | Vaults:4 | Learned a level 1 spell: Animate Skeleton
 11059 | Vaults:4 | Noticed a lich
 11065 | Vaults:4 | Killed a lich
 11232 | Vaults:4 | Found a portal to a secret trove of treasure.
 11365 | Vaults:4 | Learned a level 6 spell: Statue Form
 11441 | Vaults:5 | Entered Level 5 of the Vaults
 11460 | Vaults:5 | Noticed a Brimstone Fiend
 11629 | Vaults:5 | Noticed a golden dragon
 11640 | Vaults:4 | Reached XP level 20. HP: 157/157 MP: 37/37
 11662 | Vaults:4 | Killed a golden dragon
 11726 | Vaults:5 | Noticed Frederick
 11909 | Vaults:4 | Killed Frederick
 11916 | Vaults:5 | Noticed a golden dragon
 11988 | Vaults:5 | Noticed a Tzitzimitl
 11999 | Vaults:5 | Noticed a Tzitzimitl
 11999 | Vaults:5 | Killed a golden dragon
 11999 | Vaults:5 | Reached skill level 15 in Ice Magic
 12030 | Vaults:5 | HP: 8/205 [frost giant/battleaxe of freezing (14)]
 12555 | Vaults:5 | Reached XP level 21. HP: 165/165 MP: 39/39
 12560 | Vaults:5 | Noticed a golden dragon
 12714 | Vaults:5 | Noticed shugdite's ghost (veteran MiFi)
 12785 | Vaults:4 | Killed a golden dragon
 12943 | Vaults:5 | Got a pair of spiked gloves
 12983 | Vaults:5 | Identified the +2 pair of gloves of Wonder {Dex+5 Slay+3} (You found it on level 5 of the Vaults)
 13124 | Vaults:5 | Got a coiled lead amulet
 13125 | Vaults:5 | Identified the amulet of the Present {Spirit rElec} (You took it off a yaktaur on level 5 of the Vaults)
 13133 | Vaults:5 | Got a shimmering amber ring
 13136 | Vaults:5 | Got a pitted scale mail
 13243 | Vaults:5 | Got a silver rune of Zot
 13414 | Vaults:5 | Identified the +6 scale mail "Xuwk" {Dex+4} (You took it off a vault warden on level 5 of the Vaults)
 13426 | Vaults:5 | Identified the ring of Jiodufil {rCorr rC+} (You took it off a vault warden on level 5 of the Vaults)
 13600 | Vaults:5 | Noticed an ancient lich
 13606 | Vaults:5 | Paralysed by an ancient lich for 4 turns
 13622 | Vaults:4 | Killed an ancient lich
 13709 | Vaults:5 | Got an uncursed steaming halberd {speed}
 13710 | Vaults:5 | Identified the +4 halberd of Vueriolass {speed, rPois rC++ Str+2 Stlth-} (You took it off a yaktaur captain on level 5 of the Vaults)
 13725 | Vaults:5 | Got a polished chain mail
 13736 | Vaults:5 | Identified the +4 chain mail "Elomiror" {rElec Str+3 Int+3} (You took it off a vault warden on level 5 of the Vaults)
 13748 | Vaults:5 | Got an uncursed fine short sword {pierce}
 13749 | Vaults:5 | Identified the +8 short sword "Hoinal" {pierce, *Drain rPois rF+} (You took it off a yaktaur on level 5 of the Vaults)
 14755 | Vaults:4 | You paid a toll of +2 storm dragon scales to enter a treasure trove
 14756 | Trove    | Entered a treasure trove
 14769 | Trove    | Got a fine shield
 14771 | Trove    | Got a brightly glowing chain mail
 14775 | Trove    | Got a warped helmet
 14777 | Trove    | Got a pair of heavily runed boots
 14779 | Trove    | Got a pair of smoking gloves
 14781 | Trove    | Got a pair of heavily runed boots
 14797 | Trove    | Identified the +3 shield of the Elephant {*Drain rPois rF+ Int+4} (You found it in a treasure trove)
 14807 | Trove    | Identified the +0 helmet of Meahuo {rPois MR- Stlth+} (You found it in a treasure trove)
 14813 | Trove    | Identified the -4 pair of boots of Untruth {*Slow MR- Str+8 Int+3} (You found it in a treasure trove)
 14823 | Trove    | Identified the +1 pair of boots of Rexze Bydem {+Fly} (You found it in a treasure trove)
 14841 | Trove    | Identified the +0 pair of gloves "Xuchil" {rElec rC+ Int+2} (You found it in a treasure trove)
 14851 | Trove    | Identified the +8 chain mail "Ryas" {Regen+} (You found it in a treasure trove)
 14906 | Vaults:4 | Gained mutation: You have a pair of small horns on your head. [potion of mutation]
 14906 | Vaults:4 | Gained mutation: You can translocate small distances at will. [potion of mutation]
 14906 | Vaults:4 | Gained mutation: Your flesh is heat resistant. (rF+) [potion of mutation]
 15411 | Slime:1  | Entered Level 1 of the Pits of Slime
 15430 | Slime:1  | Lost mutation: You have a pair of small horns on your head. [a shining eye]
 15434 | Slime:1  | Gained mutation: Your magical capacity is low. (-10% MP) [a shining eye]
 15435 | Slime:1  | Reached skill level 15 in Invocations
 15450 | Slime:1  | Gained mutation: You are clumsy. (Dex -2) [a shining eye]
 15582 | Slime:5  | Entered Level 5 of the Pits of Slime
 15731 | Slime:5  | Noticed Vorshek's ghost (legendary GnWr)
 15773 | Slime:5  | Killed Vorshek's ghost
 15773 | Slime:5  | Reached XP level 22. HP: 173/173 MP: 36/36
 15921 | Slime:5  | Noticed the Royal Jelly
 15938 | Slime:3  | Gained mutation: You are occasionally teleported next to monsters. [a shining eye]
 16039 | Slime:5  | Killed the Royal Jelly
 16068 | Slime:5  | Reached skill level 15 in Spellcasting
 16088 | Slime:5  | Reached skill level 16 in Ice Magic
 16165 | Slime:5  | Got a warped marble ring
 16172 | Slime:5  | Identified the amulet "Eschitt" {+Rage +Fly} (You found it on level 5 of the Pits of Slime)
 16176 | Slime:5  | Got a slimy rune of Zot
 16181 | Slime:5  | Identified the ring "Yheymp" {Ice Int+5 Dex-3} (You found it on level 5 of the Pits of Slime)
 16184 | Slime:5  | Got a brightly glowing amber ring
 16185 | Slime:5  | Identified the ring of Kumarist {rElec Stlth+} (You found it on level 5 of the Pits of Slime)
 16210 | Slime:5  | Got a brightly glowing marble ring
 16212 | Slime:5  | Identified the ring of the Greedy {*Corrode rC+ Dex+2 Stlth+} (You found it on level 5 of the Pits of Slime)
 16229 | Slime:5  | Got a twisted long sword
 16230 | Slime:5  | Identified the +5 long sword of Gravity {chaos, MR+} (You found it on level 5 of the Pits of Slime)
 16243 | Slime:5  | Learned a level 6 spell: Freezing Cloud
 16321 | Slime:3  | Splashed with acid

Skill      XL: |  1  2  3  4  5  6  7  8  9 10 11 12 13 14 15 16 17 18 19 20 21 22 |
---------------+-------------------------------------------------------------------+-----
Spellcasting   | 5 6 7 8 9 10 11 12 13 14 15 | 15.0
Invocations    | 1 2 3 4 5 6 7 8 9 10 11 12 13 14 15 | 15.4
Short Blades   | 1 2 3 4 5 6 7 8 9 10 11 12 13 14 | 14.3
Long Blades    | 1 2 3 4 5 6 7 8 9 10 11 12 13 14 | 14.3
Axes           | 1 2 3 4 5 6 7 8 9 10 11 12 13 14 | 14.3
Maces & Flails | 1 2 3 4 5 6 7 8 9 10 11 12 13 14 | 14.3
Staves         | 1 2 3 4 5 6 7 8 9 10 11 12 13 14 | 14.3
Slings         | 1 2 3 4 5 6 7 8 9 10 11 12 13 14 | 14.3
Bows           | 1 2 3 4 5 6 7 8 9 10 11 12 13 14 | 14.3
Crossbows      | 1 2 3 4 5 6 7 8 9 10 11 12 13 14 | 14.4
Throwing       | 1 2 3 4 5 6 7 8 9 10 11 12 13 14 | 14.3
Stealth        | 1 2 3 4 5 6 7 8 9 10 11 12 13 14 | 14.3
Shields        | 1 2 3 4 5 6 7 8 9 10 11 12 13 14 | 14.3
Unarmed Combat | 1 2 3 4 5 6 7 8 9 10 11 12 13 14 | 14.3
Evocations     | 1 2 3 4 5 6 7 8 9 10 11 12 13 14 | 14.3
Conjurations   | 1 2 3 4 5 6 7 8 9 10 11 12 | 12.3
Hexes          | 1 2 3 4 5 6 7 8 9 10 11 12 | 12.3
Summonings     | 1 2 3 4 5 6 7 8 9 10 11 12 | 12.3
Necromancy     | 1 2 3 4 5 6 7 8 9 10 11 12 | 12.3
Translocations | 1 2 3 4 5 6 7 8 9 10 11 12 | 12.3
Transmutations | 1 2 3 4 5 6 7 8 9 10 11 12 | 12.3
Fire Magic     | 1 2 3 4 5 6 7 8 9 10 11 12 | 12.3
Ice Magic      | 1 2 3 4 6 7 8 9 10 11 12 13 14 15 16 | 16.0
Air Magic      | 1 2 3 4 5 6 7 8 9 10 11 12 | 12.3
Earth Magic    | 1 2 3 4 5 6 7 8 9 10 11 12 | 12.3
Poison Magic   | 1 2 3 4 5 6 7 8 9 10 11 12 | 12.3
Fighting       | 5 6 7 8 9 10 11 12 13 14 | 14.9
Polearms       | 5 6 7 8 9 10 11 12 13 14 | 14.9
Armour         | 3 4 5 6 7 8 9 10 11 12 13 14 | 14.5
Dodging        | 5 6 7 8 9 10 11 12 13 14 | 14.9
Charms         | 6 7 8 9 10 11 12 13 | 13.3

Action                   |  1- 3 |  4- 6 |  7- 9 | 10-12 | 13-15 | 16-18 | 19-21 | 22-24 || total
-------------------------+-------+-------+-------+-------+-------+-------+-------+-------++-------
Melee: Spear             |    55 |    26 |       |   347 |       |       |       |       ||   428
       Bite              |     3 |     7 |    15 |    66 |    99 |   125 |   163 |    24 ||   502
       Punch             |     1 |       |     7 |    26 |    32 |    15 |       |       ||    81
       Falchion          |       |    43 |   115 |    30 |       |       |       |       ||   188
       Great mace        |       |       |       |    60 |       |       |       |       ||    60
       Demon trident     |       |       |       |    53 |   652 |   863 |   823 |   126 ||  2517
       Headbutt          |       |       |       |       |       |       |    16 |       ||    16
 Fire: Shortbow          |       |       |       |    13 |       |       |       |       ||    13
Throw: Tomahawk          |       |       |     4 |    35 |     3 |       |       |       ||    42
       Javelin           |       |       |       |       |       |     3 |    15 |       ||    18
 Cast: Infusion          |     1 |       |       |       |       |       |       |       ||     1
       Shroud of Golubri |     4 |     9 |    18 |    32 |    31 |     9 |     1 |     1 ||   105
       Regeneration      |     1 |     4 |    10 |    25 |    33 |    29 |    73 |     9 ||   184
       Song of Slaying   |     1 |     2 |     5 |    13 |    11 |    17 |     6 |     1 ||    56
       Spectral Weapon   |       |     4 |     8 |    38 |    44 |    35 |    38 |     5 ||   172
       Mephitic Cloud    |       |       |       |    29 |    25 |    24 |     8 |       ||    86
       Conjure Flame     |       |       |       |     2 |     3 |     7 |       |       ||    12
       Blink             |       |       |       |     7 |    14 |     6 |    22 |     5 ||    54
       Throw Icicle      |       |       |       |       |    11 |       |     1 |       ||    12
       Alistair's Intoxi |       |       |       |       |     1 |       |     2 |       ||     3
       Summon Butterflie |       |       |       |       |     1 |       |    20 |     2 ||    23
       Summon Ice Beast  |       |       |       |       |       |     6 |       |       ||     6
       Summon Forest     |       |       |       |       |       |     3 |     1 |       ||     4
       Statue Form       |       |       |       |       |       |       |    31 |       ||    31
       Freezing Cloud    |       |       |       |       |       |       |       |     1 ||     1
Invok: Temporal Distorti |       |       |       |     1 |     1 |     1 |     2 |       ||     5
       Slouch            |       |       |       |     2 |     9 |     4 |     5 |     1 ||    21
       Step From Time    |       |       |       |       |       |       |     4 |       ||     4
 Abil: End Transformatio |       |       |       |       |       |       |     3 |       ||     3
Evoke: Wand              |       |       |       |       |    10 |     3 |     2 |     1 ||    16
       Lamp of fire      |       |       |       |       |     1 |     2 |       |       ||     3
  Use: Potion            |       |       |     2 |       |     2 |       |     3 |     2 ||     9
       Scroll            |       |       |       |     9 |    21 |     7 |    15 |     6 ||    58
 Stab: Sleeping          |       |     1 |       |     2 |       |       |     1 |       ||     4
       Confused          |       |       |       |    36 |    13 |    21 |    18 |       ||    88
       Distracted        |       |       |       |     4 |     9 |    13 |    19 |     1 ||    46
  Eat: Chunk             |       |       |     3 |     7 |    10 |     9 |    15 |       ||    44
       Ration            |       |       |       |       |       |       |     1 |     1 ||     2
Armor: Leather armour    |    10 |    26 |    22 |       |       |       |       |       ||    58
       Steam dragon scal |       |       |     7 |    71 |       |       |       |       ||    78
       Plate armour      |       |       |       |    15 |   168 |   110 |    31 |       ||   324
       Skin              |       |       |       |       |     7 |       |   179 |       ||   186
       Crystal plate arm |       |       |       |       |       |       |    32 |    23 ||    55
Dodge: Dodged            |    38 |    71 |   107 |   388 |   521 |   517 |   912 |    64 ||  2618
       Deflected         |       |       |       |     2 |     6 |    28 |       |       ||    36
Block: Buckler           |       |       |       |       |       |   205 |   375 |       ||   580
       Shield            |       |       |       |       |       |       |    74 |    92 ||   166
       Rpst.: Falchion   |       |    12 |    37 |    13 |       |       |       |       ||    62
